 Dungeon Crawl Stone Soup version 0.20.1-1-g8b1a95d (webtiles) character file.

611 gamgams the Skirmisher (level 7, 0/52 HPs)
             Began as an Octopode Fighter on Sept 24, 2017.
             Was an Initiate of Dithmenos.
             Slain by a gnoll
             ... wielding a +0 spear
              (5 damage)
             ... on level 4 of the Dungeon.
             The game lasted 00:06:37 (3590 turns).

gamgams the Skirmisher (Octopode Fighter)           Turns: 3590, Time: 00:06:38

Health: 0/52       AC:  2    Str: 16    XL:     7   Next: 44%
Magic:  0/7        EV: 12    Int: 10    God:    Dithmenos [......]
Gold:   169        SH:  9    Dex: 13    Spells: 6/6 levels left

rFire    x . .     SeeInvis .   a - +1 long sword
rCold    + . .     Gourm    .   b - +0 shield
rNeg     . . .     Faith    .   s - +1 hat
rPois    .         Spirit   +   o - amulet of guardian spirit
rElec    .         Reflect  .   j - ring of resist corrosion
rCorr    +         Harm     .   l - ring of ice
MR       .....                  (no ring)
Stlth    +++.......             (no ring)
Regen    0.2/turn               (no ring)
MPRegen  0.1/turn               (no ring)
                                (no ring)
                                (no ring)

@: no status effects
A: almost no armour, stealthy swim, amphibious, 8 rings, constrict 8, camouflage
1, gelatinous body 1
a: Renounce Religion


You were on level 4 of the Dungeon.
You worshipped Dithmenos.
Dithmenos was noncommittal.
You were hungry.

You visited 2 branches of the dungeon, and saw 5 of its levels.
You also visited: Sewer.

You collected 169 gold pieces.

Inventory:

Hand Weapons
 a - a +1 long sword (weapon)
Armour
 b - a +0 shield (worn)
 s - a +1 hat (worn)
Jewellery
 j - a ring of resist corrosion (left tentacle)
 l - a ring of ice (right tentacle)
 o - an amulet of guardian spirit (around mantle)
Wands
 e - a wand of enslavement (13/24)
 w - a wand of acid (9/15)
Scrolls
 g - a scroll of enchant weapon
 i - 2 scrolls of teleportation
 n - 2 scrolls of blinking {unknown}
 r - a scroll of random uselessness {unknown}
 x - a scroll of noise {unknown}
Potions
 c - 2 potions of might
 h - 4 potions of haste
 m - a potion of resistance {unknown}
 p - 2 potions of curing {unknown}
 t - 3 potions of flight
 u - a potion of invisibility {unknown}
 v - a potion of brilliance {unknown}
Comestibles
 d - 2 bread rations
 f - 8 fruits
 k - 2 meat rations
 q - a royal jelly


   Skills:
 + Level 6.3 Fighting
 + Level 5.4 Long Blades
 - Level 3.3 Dodging
 - Level 0.8 Stealth
 - Level 3.1 Shields


You had 6 spell levels left.
You didn't know any spells.

Dungeon Overview and Level Annotations

Branches:
Dungeon (4/15)             Temple (1/1) D:4

Altars:
Ashenzari
Cheibriados
Dithmenos
Fedhas
Hepliaklqana
Kikubaaqudgha
Makhleb
Okawaru
Qazlal
Ru
Sif Muna
Trog
Xom
Zin
The Shining One


Innate Abilities, Weirdness & Mutations

You cannot wear most types of armour.
You are very stealthy in the water. (Stealth+)
You are amphibious.
You can wear up to eight rings at the same time.
You can use your tentacles to constrict eight enemies at once.
Your skin changes colour to match your surroundings (Stealth+).
Your rubbery body absorbs attacks. (AC +1, EV +1)


Message History

The gnoll completely misses you.
The gnoll hits you from afar with a spear.
The gnoll barely misses you. The gnoll hits you with a spear!
* * * LOW HITPOINT WARNING * * *
The gnoll barely misses you.
Things that are here:
a scroll of teleportation; a spear; a scroll labeled IZAMARI GOITTA You hit the gnoll.
Your grab misses the gnoll.
The gnoll is heavily wounded.
You block the gnoll's attack. The gnoll closely misses you.
You hit the gnoll. Your grab misses the gnoll.
The gnoll is almost dead.
You block the gnoll's attack. The gnoll hits you with a spear.
* * * LOW HITPOINT WARNING * * *
You slash the gnoll! You grab the gnoll.
The gnoll is heavily wounded.
You constrict the gnoll. The gnoll completely misses you.
The gnoll hits you with a spear.
You die...

### ###### ##.## #:....##...##
########
.#.....#.....####......#
............g@.....<...._....#
..... .#....g#................
.... #.....##....#..........
... ....### #...##._).⌠.._..
.. ##. ......##.......... .# #
.##...###.......## ###.#.# #
##.#.##..._...# ......#
#.##.<.....### ###.###
#.#####.####


You could see 2 gnolls.

Vanquished Creatures
  The ghost of hilaritas the Magician, an amateur OpCj (D:3)
  An ogre (D:4)
  A bullfrog (D:4)
  A scorpion (D:4)
  A howler monkey (D:4)
  A worker ant (D:4)
  Ijyb (D:4)
  2 gnolls (D:4)
  3 adders
  5 oozes (Sewer)
  5 worms
  3 dart slugs
  3 leopard geckos
  3 ball pythons
  10 bats
  6 giant cockroaches
  5 goblins
  3 hobgoblins
  8 jackals
  8 kobolds
  2 quokkas
  7 frilled lizards
  6 rats
  A plant (D:1)
87 creatures vanquished.

Notes
Turn   | Place    | Note
-------+----------+-------------------------------------------
     0 | D:1      | gamgams the Octopode Fighter began the quest for the Orb.
     0 | D:1      | Reached XP level 1. HP: 16/16 MP: 1/1
   121 | D:1      | Reached XP level 2. HP: 21/21 MP: 2/2
   839 | D:1      | Reached XP level 3. HP: 26/26 MP: 3/3
  1619 | D:3      | Reached XP level 4. HP: 24/33 MP: 1/4
  1634 | D:3      | Found a glowing golden altar of the Shining One.
  1660 | D:3      | Reached skill level 4 in Fighting
  1721 | D:3      | Found a glowing drain.
  1802 | Sewer    | Entered a sewer
  2308 | Sewer    | Reached XP level 5. HP: 37/37 MP: 5/5
  2384 | D:3      | Noticed hilaritas's ghost (amateur OpCj)
  2391 | D:3      | Killed hilaritas's ghost
  2391 | D:3      | Reached skill level 5 in Fighting
  2391 | D:3      | Reached XP level 6. HP: 19/45 MP: 2/6
  2924 | D:4      | Found a staircase to the Ecumenical Temple.
  3060 | D:4      | Reached skill level 5 in Long Blades
  3060 | D:4      | Reached XP level 7. HP: 50/51 MP: 5/7
  3245 | Temple   | Entered the Ecumenical Temple
  3545 | D:4      | Reached skill level 6 in Fighting
  3552 | D:4      | Found a hazy altar of Hepliaklqana.
  3553 | D:4      | Found a shadowy altar of Dithmenos.
  3553 | D:4      | Found an iron altar of Okawaru.
  3553 | D:4      | Noticed Ijyb
  3555 | D:4      | Found an ancient bone altar of Kikubaaqudgha.
  3564 | D:4      | Killed Ijyb
  3567 | D:4      | Became a worshipper of Dithmenos the Shadowed
  3590 | D:4      | Slain by a gnoll

Skill      XL: |  1  2  3  4  5  6  7 |
---------------+----------------------+-----
Fighting       | 4 5 6 |  6.3
Long Blades    | 3 4 5 |  5.4
Dodging        | |  3.3
Stealth        | |  0.8
Shields        | |  3.1

Action                   |  1- 3 |  4- 6 |  7- 9 || total
-------------------------+-------+-------+-------++-------
Melee: Long sword        |    64 |    75 |    20 ||   159
       Constrict         |    16 |    23 |     5 ||    44
       Tentacles         |    12 |    17 |     5 ||    34
  Use: Scroll            |     4 |     4 |       ||     8
 Stab: Sleeping          |    13 |    11 |       ||    24
  Eat: Chunk             |     2 |     4 |     2 ||     8
Armor: Skin              |     5 |     7 |     2 ||    14
Dodge: Dodged            |    18 |    30 |    11 ||    59
Block: Shield            |    23 |    26 |    11 ||    60
       Rpst.: Long sword |     6 |    11 |     1 ||    18
